 Dungeon Crawl Stone Soup version 0.27-a0-705-ga0013940fb (webtiles) character file.

Game seed: 1769167962591879255

128 sleeves the Covert (level 4, 0/23 HPs)
             Began as a Spriggan Delver on Mar 22, 2021.
             Slain by Natasha (9 damage)
             ... on level 3 of the Dungeon.
             The game lasted 00:07:44 (1942 turns).

sleeves the Covert (Spriggan Delver)                Turns: 1942, Time: 00:07:45

Health: 0/23       AC:  2    Str:  8    XL:     4   Next: 86%
Magic:  5/5        EV: 17    Int: 12    God:
Gold:   101        SH:  0    Dex: 16    Spells: 3/3 levels left

rFire    . . .     SeeInvis +   a - +0 short sword
rCold    . . .     Faith    .   (shield restricted)
rNeg     . . .     Spirit   .   b - +0 robe
rPois    .         Reflect  .   (helmet restricted)
rElec    .         Harm     .   (no cloak)
rCorr    .         Rampage  .   (gloves unavailable)
Will     .....                  (boots unavailable)
Stlth    ++++......             (no amulet)
HPRegen  0.07/turn              (no ring)
MPRegen  0.09/turn              (no ring)

@: very quick
A: very small, no large weapons, unfitting armour, see invisible, speed 3
a: no special abilities


You were on level 3 of the Dungeon.
You visited 1 branch of the dungeon, and saw 4 of its levels.

You collected 101 gold pieces.

Inventory:

Hand Weapons
 a - a +0 short sword (weapon)
 l - a +0 falchion of flaming
   (You found it on level 5 of the Dungeon)
Missiles
 j - a poisoned dart (quivered)
Armour
 b - a +0 robe (worn)
Wands
 g - a wand of digging (3)
 k - a wand of random effects (8)
   (You found it on level 5 of the Dungeon)
Scrolls
 c - a scroll of fog
 d - a scroll of magic mapping
 e - a scroll of fear
 i - 2 scrolls of teleportation {unknown}
 p - a scroll of identify {unknown}
Potions
 f - a potion of haste
 h - a potion of heal wounds {unknown}
 m - a potion of flight {unknown}
 n - 2 potions of curing {unknown}
 o - a potion of mutation {unknown}


   Skills:
 + Level 2.4 Fighting
 - Level 4.1 Short Blades
 + Level 2.8 Dodging
 + Level 9.0 Stealth


You had 3 spell levels left.
You didn't know any spells.
Your spell library contained the following spells:

 Spells                   Type           Power      Damage    Failure   Level
 Magic Dart               Conj           0%         1d3       32%         1
 Blink                    Tloc           N/A        N/A       45%         2
 Call Imp                 Summ           0%         N/A       45%         2
 Slow                     Hex            0%         N/A       45%         2
 Conjure Flame            Conj/Fire      0%         6-21      69%         3
 Mephitic Cloud           Conj/Pois/Air  0%         N/A       69%         3


Dungeon Overview and Level Annotations

Branches:
Dungeon (5/15)
 Temple: D:4-7

Altars:

Annotations:
D:3 Grinder, Natasha


Innate Abilities, Weirdness & Mutations

You are very small and have problems with some larger weapons.
You are too small for most types of armour.
You have supernaturally acute eyesight. (SInv)
You cover ground extremely quickly. (Speed+++)


Message History

Welcome, sleeves the Spriggan Delver.
The bosom of this dungeon contains the legendary artefact, the Orb of Zot.
Press ? for a list of commands and other information.
Found an escape hatch in the floor.
Found a stone staircase leading down.
A worm comes into view.
Found a stone staircase leading down.
The helpless worm fails to defend itself.
You impale the worm!!
You kill the worm!
You see here a worm corpse.
A quokka comes into view.
Found a scale mail.
The helpless quokka fails to defend itself.
You impale the quokka!!
You kill the quokka!
You see here a +0 scale mail.
Found 6 gold pieces.
Found an escape hatch in the ceiling.
Found a brown potion.
h - a brown potion You now have 6 gold pieces.
Found 11 gold pieces.
Found a stone staircase leading up.
You now have 17 gold pieces (gained 11).
There is a stone staircase leading up here.
You climb upwards.
Found a crystal arbalest.
There is a stone staircase leading down here.
You see here the +4 arbalest of Modesty {flame, Int+4 Dex+5}.
i - the +4 arbalest of Modesty {flame, Int+4 Dex+5} Unknown command.
You feel clever.
You feel agile.
The +4 arbalest of Modesty {flame, Int+4 Dex+5} bursts into flame!
i - the +4 arbalest of Modesty (weapon)
{flame, Int+4 Dex+5} The +4 arbalest of Modesty {flame, Int+4 Dex+5} stops flaming.
a - a +0 short sword (weapon)
Your library has no spells.
You don't know any spells.
Unknown command.
Unknown command.
Unknown command.
Unknown command.
Drop what? 9/52 slots (_ for help) (? for menu, Esc to quit)
You drop the +4 arbalest of Modesty {flame, Int+4 Dex+5}.
Unknown command.
Found a war axe.
An adder comes into view.
The helpless adder fails to defend itself.
You impale the adder!!
You kill the adder!
You have reached level 2!
Found a scroll labelled VEPUYD QYRAXARGH.
i - a scroll labelled VEPUYD QYRAXARGH
Found 8 poisoned darts.
You see here 8 poisoned darts.
Found 14 gold pieces.
An ooze comes into view.
Found a short sword.
The helpless ooze fails to defend itself.
You impale the ooze!!
You kill the ooze!
You now have 31 gold pieces (gained 14).
You see here 8 poisoned darts.
j - 8 poisoned darts
Found a stone staircase leading down.
A quokka and an orc come into view.
There are monsters nearby!
The helpless quokka fails to defend itself.
You impale the quokka!!
You kill the quokka!
The orc shouts!
You hit the orc but do no damage. The orc closely misses you.
Throw: 8 darts (poison)
Press: ? - help, Q - select action Shift-Dir - straight line, f - orc
Aim: an orc, wielding a +0 hand axe and wearing a +0 leather armour (60% to hit)
You throw a poisoned dart. The poisoned dart hits the orc.
The orc is poisoned.
Throw: 7 darts (poison)
Press: ? - help, Q - select action Shift-Dir - straight line, f/p - orc
Aim: an orc, wielding a +0 hand axe and wearing a +0 leather armour (lightly wounded, poisoned, 60% to hit)
You throw a poisoned dart. The poisoned dart hits the orc.
The orc looks even sicker.
The orc is lightly wounded.
Throw: 6 darts (poison)
Press: ? - help, Q - select action Shift-Dir - straight line, f/p - orc
Aim: an orc, wielding a +0 hand axe and wearing a +0 leather armour (lightly wounded, very poisoned, 60% to hit)
You throw a poisoned dart. The poisoned dart hits the orc.
The orc looks even sicker.
The orc is lightly wounded.
You completely miss the orc.
The orc is severely wounded.
The orc misses you.
You hit the orc.
You kill the orc!
Things that are here:
a +0 hand axe; a +0 leather armour
j - 6 poisoned darts (gained 1)
j - 7 poisoned darts (gained 1)
j - 8 poisoned darts (gained 1)
Things that are here:
a +0 hand axe; a +0 leather armour
Things that are here:
a +0 hand axe; a +0 leather armour
There is a stone staircase leading down here.
You climb downwards.
Found a bone wand, a plate armour, a rapier and 12 gold pieces.
There is a stone staircase leading up here.
k - a wand of random effects (8)
There is a stone staircase leading up here.
Found a glowing falchion.
You now have 43 gold pieces (gained 12).
Found a red potion.
You see here a +0 falchion of flaming.
l - a +0 falchion of flaming A hound zombie comes into view.
m - a red potion
Found 8 gold pieces and 2 bubbling grey potions.
Found 12 gold pieces.
The helpless hound zombie fails to defend itself.
You impale the hound zombie!!
The hound zombie is almost destroyed.
The hound zombie misses you.
You hit the hound zombie.
You destroy the hound zombie!
Your Short Blades skill increases to level 3!
Your Stealth skill increases to level 8!
You have reached level 3!
Your experience leads to an increase in your attributes!
Increase (S)trength, (I)ntelligence, or (D)exterity?
You feel clever.
Unknown command.
You now have 55 gold pieces (gained 12).
n - 2 bubbling grey potions You now have 63 gold pieces (gained 8).
An ogre comes into view. It is wielding a +0 giant spiked club.
An ogre is nearby!
An ogre is nearby!
There is a stone staircase leading up here.
You climb upwards.
There is a stone staircase leading down here.
Found a stone staircase leading up.
Things that are here:
a +0 leather armour; a +0 hand axe A frilled lizard comes into view.
The frilled lizard closely misses you.
You closely miss the frilled lizard.
The frilled lizard completely misses you.
You hit the frilled lizard.
You kill the frilled lizard!
No target in view!
Found a ring mail.
A worm comes into view.
You see here 14 gold pieces.
You see here 14 gold pieces.
Throw: 8 darts (poison)
Press: ? - help, Q - select action, (/) - cycle Shift-Dir - straight line, f - worm
Aim: a worm (79% to hit)
You throw a poisoned dart. The poisoned dart hits the worm.
The worm is poisoned.
Throw: 7 darts (poison)
Press: ? - help, Q - select action, (/) - cycle Shift-Dir - straight line, f/p - worm
Aim: a worm (lightly wounded, poisoned, 79% to hit)
You throw a poisoned dart. The poisoned dart hits the worm.
The worm looks even sicker.
The worm is lightly wounded.
Throw: 6 darts (poison)
Press: ? - help, Q - select action, (/) - cycle Shift-Dir - straight line, f/p - worm
Aim: a worm (very poisoned, 79% to hit)
You throw a poisoned dart.
The poisoned dart barely misses the worm.
Throw: 5 darts (poison)
Press: ? - help, Q - select action, (/) - cycle Shift-Dir - straight line, f/p - worm
Aim: a worm (very poisoned, 79% to hit)
You throw a poisoned dart. The poisoned dart hits the worm.
You hit the worm but do no damage.
The worm is lightly wounded.
You hit the worm but do no damage.
The worm is lightly wounded.
The worm closely misses you.
You hit the worm but do no damage.
The worm is lightly wounded.
You hit the worm but do no damage.
The worm is moderately wounded.
The worm misses you.
You hit the worm.
The worm is severely wounded.
You hit the worm.
The worm is severely wounded.
The worm completely misses you.
You hit the worm but do no damage.
The worm is severely wounded.
The worm misses you.
You hit the worm.
The worm is almost dead.
You barely miss the worm.
The worm is almost dead.
The worm completely misses you.
You hit the worm but do no damage.
The worm is severely wounded.
You hit the worm.
You kill the worm!
j - 5 poisoned darts (gained 1)
j - 7 poisoned darts (gained 2)
j - 8 poisoned darts (gained 1)
You now have 77 gold pieces (gained 14).
You see here a +0 ring mail.
o - a +0 ring mail You drop a +0 ring mail.
A worker ant comes into view.
Throw: 8 darts (poison)
Press: ? - help, Q - select action, (/) - cycle Shift-Dir - straight line, f - worker ant
Aim: a worker ant (60% to hit)
You throw a poisoned dart. The poisoned dart hits the worker ant.
The worker ant is poisoned.
Throw: 7 darts (poison)
Press: ? - help, Q - select action, (/) - cycle Shift-Dir - straight line, f/p - worker ant
Aim: a worker ant (lightly wounded, poisoned, 60% to hit)
You throw a poisoned dart. The poisoned dart hits the worker ant.
The worker ant looks even sicker.
The worker ant is lightly wounded.
Throw: 6 darts (poison)
Press: ? - help, Q - select action, (/) - cycle Shift-Dir - straight line, f/p - worker ant
Aim: a worker ant (moderately wounded, very poisoned, 60% to hit)
You throw a poisoned dart. The poisoned dart hits the worker ant.
The worker ant is moderately wounded.
Throw: 5 darts (poison)
Press: ? - help, Q - select action, (/) - cycle Shift-Dir - straight line, f/p - worker ant
Aim: a worker ant (severely wounded, very poisoned, 60% to hit)
You throw a poisoned dart.
The poisoned dart closely misses the worker ant.
You kill the worker ant!
j - 5 poisoned darts (gained 1)
j - 6 poisoned darts (gained 1)
j - 7 poisoned darts (gained 1)
Found an escape hatch in the ceiling.
Found a ruby potion.
A scorpion comes into view.
The scorpion moves out of view.
A scorpion is nearby!
A scorpion is nearby!
You see here a ruby potion.
o - a ruby potion Throw: 7 darts (poison)
Press: ? - help, Q - select action, (/) - cycle Shift-Dir - straight line, f - scorpion
Aim: a scorpion (wandering, hasn't noticed you, 60% to hit)
You throw a poisoned dart.
The poisoned dart closely misses the scorpion.
Throw: 6 darts (poison)
Press: ? - help, Q - select action, (/) - cycle Shift-Dir - straight line, f/p - scorpion
Aim: a scorpion (60% to hit)
You throw a poisoned dart.
The poisoned dart closely misses the scorpion.
Throw: 5 darts (poison)
Press: ? - help, Q - select action, (/) - cycle Shift-Dir - straight line, f/p - scorpion
Aim: a scorpion (60% to hit)
You throw a poisoned dart.
The poisoned dart closely misses the scorpion.
Throw: 4 darts (poison)
Press: ? - help, Q - select action, (/) - cycle Shift-Dir - straight line, f/p - scorpion
Aim: a scorpion (60% to hit)
You throw a poisoned dart. The poisoned dart hits the scorpion.
The scorpion is poisoned.
Throw: 3 darts (poison)
Press: ? - help, Q - select action, (/) - cycle Shift-Dir - straight line, f/p - scorpion
Aim: a scorpion (lightly wounded, poisoned, 60% to hit)
You throw a poisoned dart. The poisoned dart hits the scorpion.
The scorpion is lightly wounded.
The scorpion barely misses you.
The scorpion looks more healthy.
j - 5 poisoned darts (gained 3) Throw: 5 darts (poison)
Press: ? - help, Q - select action, (/) - cycle Shift-Dir - straight line, f/p - scorpion
Aim: a scorpion (heavily wounded, 60% to hit)
You throw a poisoned dart. The poisoned dart hits the scorpion.
The scorpion is poisoned.
The scorpion is heavily wounded.
Throw: 4 darts (poison)
Press: ? - help, Q - select action, (/) - cycle Shift-Dir - straight line, f/p - scorpion
Aim: a scorpion (severely wounded, poisoned, 60% to hit)
You throw a poisoned dart. The poisoned dart hits the scorpion.
The scorpion looks even sicker.
The scorpion is severely wounded.
You kill the scorpion!
Your Short Blades skill increases to level 4!
You have reached level 4!
You see here a scorpion corpse.
j - 4 poisoned darts (gained 1)
j - 5 poisoned darts (gained 1)
You see here a scorpion corpse.
j - 6 poisoned darts (gained 1)
j - 7 poisoned darts (gained 1)
Things that are here:
a +0 leather armour; a +0 hand axe
There is a stone staircase leading up here.
You climb upwards.
A goblin comes into view. It is wielding a +0 club.
There is a stone staircase leading down here.
The goblin shouts!
The goblin hits you but does no damage.
You hit the goblin.
The goblin is severely wounded.
The goblin barely misses you.
You hit the goblin.
You kill the goblin!
Things that are here:
a +0 club; a goblin corpse
Found 12 gold pieces.
Found a stone staircase leading up.
A frilled lizard comes into view.
There is a stone staircase leading up here.
You see here 12 gold pieces.
You barely miss the frilled lizard.
The frilled lizard bites you but does no damage.
You hit the frilled lizard.
The frilled lizard is heavily wounded.
The frilled lizard misses you.
You closely miss the frilled lizard.
The frilled lizard is heavily wounded.
The frilled lizard misses you.
You hit the frilled lizard but do no damage.
The frilled lizard is heavily wounded.
You miss the frilled lizard.
The frilled lizard is heavily wounded.
The frilled lizard closely misses you.
You barely miss the frilled lizard.
The frilled lizard is heavily wounded.
The frilled lizard bites you.
You hit the frilled lizard.
You kill the frilled lizard!
You now have 89 gold pieces (gained 12).
There is a stone staircase leading up here.
You climb upwards.
Found four items.
Found a stone staircase leading down.
There is a stone staircase leading down here.
A frilled lizard comes into view.
A frilled lizard is nearby!
You see here a scroll labelled GEOMAUNGEA.
Found a mace.
Found 26 gold pieces.
You catch the helpless frilled lizard completely off-guard!
You impale the frilled lizard!!
You kill the frilled lizard!
p - a scroll labelled GEOMAUNGEA You pick up a book of Minor Magic and begin reading...
You add the spells Magic Dart, Blink, Call Imp, Slow, Conjure Flame and Mephitic Cloud to your library.
You now have 101 gold pieces (gained 12).
Okay, then.
Unknown command.
Unknown command.
Unknown command.
Unknown command.
Unknown command.
You swing at nothing.
You swing at nothing.
You swing at nothing.
There is a stone staircase leading down here.
i - 2 scrolls labelled VEPUYD QYRAXARGH (gained 1)
An adder comes into view.
An adder is nearby!
An adder is nearby!
Found a stone staircase leading up.
The adder hisses angrily.
Found an onyx ring.
A bat comes into view.
Throw: 7 darts (poison)
Press: ? - help, Q - select action, (/) - cycle Shift-Dir - straight line, f - adder
Aim: an adder (42% to hit)
You throw a poisoned dart.
The poisoned dart barely misses the adder.
Throw: 6 darts (poison)
Press: ? - help, Q - select action, (/) - cycle Shift-Dir - straight line, f/p - adder
Aim: an adder (42% to hit)
You throw a poisoned dart. The poisoned dart hits the adder.
Throw: 5 darts (poison)
Press: ? - help, Q - select action, (/) - cycle Shift-Dir - straight line, f/p - adder
Aim: an adder (42% to hit)
You throw a poisoned dart. The poisoned dart misses the adder.
Throw: 4 darts (poison)
Press: ? - help, Q - select action, (/) - cycle Shift-Dir - straight line, f/p - adder
Aim: an adder (42% to hit)
You throw a poisoned dart. The poisoned dart hits the adder.
The adder is poisoned.
You hit the adder.
The adder is heavily wounded.
The adder completely misses you.
You barely miss the adder.
The adder is heavily wounded.
The adder completely misses you. The adder closely misses you.
You miss the adder.
The adder is heavily wounded.
The adder completely misses you.
You closely miss the adder.
The adder is heavily wounded.
The adder closely misses you.
You hit the adder.
The adder is heavily wounded.
The adder closely misses you.
You hit the adder.
The adder is severely wounded.
The adder bites you.
You are poisoned.
The adder poisons you!
You miss the adder.
The adder is severely wounded.
You feel sick. The adder bites you.
You are more poisoned.
The adder poisons you!
The adder looks more healthy.
You feel sick. The adder misses you.
You feel sick.
You feel sick.
You feel sick.
There is a stone staircase leading down here.
You feel sick.
You feel sick.
Throw: 3 darts (poison)
Press: ? - help, Q - select action, (/) - cycle Shift-Dir - straight line, f/p - adder
Aim: an adder (severely wounded, 42% to hit)
You throw a poisoned dart.
The poisoned dart barely misses the adder.
You feel sick. The bat closely misses you.
Throw: 2 darts (poison)
Press: ? - help, Q - select action, (/) - cycle Shift-Dir - straight line, f/p - adder
Aim: an adder (severely wounded, 42% to hit)
You throw a poisoned dart. The poisoned dart hits the adder.
The adder is severely wounded.
The bat hits you but does no damage. x2
You feel sick. The bat barely misses you. The bat completely misses you.
Found a stone staircase leading up.
Found a fuming grey potion.
A ball python and a worm come into view.
You see here a fuming grey potion.
You feel sick.
The ball python hisses angrily.
You hear an angry hiss.
The bat hits you but does no damage. The bat misses you.
Found a short sword.
You feel sick.
Found a glowing black potion.
The bat closely misses you.
You feel sick.
You are no longer poisoned.
The bat hits you but does no damage. The bat hits you but does no damage.
The bat closely misses you.
Throw: dart (poison)
Press: ? - help, Q - select action, (/) - cycle Shift-Dir - straight line, f/p - adder
Aim: an adder (severely wounded, 42% to hit)
You throw a poisoned dart. The poisoned dart misses the bat.
The poisoned dart closely misses the adder.
The bat hits you.
* * * LOW HITPOINT WARNING * * *
The bat completely misses you. The bat hits you but does no damage.
Unknown command.
The bat misses you. The bat closely misses you.
There is a stone staircase leading down here.
You can't go up here!
Unknown command.
The bat closely misses you.
You climb downwards.
There is a stone staircase leading up here.
You start resting.
HP restored.
You climb upwards.
The adder completely misses you. The ball python bites you.
The ball python grabs you. The ball python constricts you.
The adder closely misses you. The ball python barely misses you.
The ball python constricts you.
There is a stone staircase leading down here.
You escape the ball python's grasp.
The bat misses you. The bat barely misses you.
There is a stone staircase leading down here.
The bat barely misses you.
You see here a poisoned dart.
The bat misses you.
You see here a poisoned dart.
j - a poisoned dart The bat closely misses you.
The bat barely misses you. The bat closely misses you.
You see here a poisoned dart.
j - 2 poisoned darts (gained 1)
The bat completely misses you.
You see here a poisoned dart.
j - 3 poisoned darts (gained 1)
The bat hits you but does no damage. The bat barely misses you.
You see here a poisoned dart.
j - 4 poisoned darts (gained 1)
The bat barely misses you. The adder barely misses you.
The bat closely misses you. The bat hits you but does no damage.
The bat closely misses you. The bat misses you.
You see here a poisoned dart.
j - 5 poisoned darts (gained 1)
The bat barely misses you. The bat closely misses you. The bat hits you.
The bat misses you.
You see here a poisoned dart.
j - 6 poisoned darts (gained 1)
The bat hits you. The bat misses you. The bat barely misses you.
You see here a poisoned dart.
j - 7 poisoned darts (gained 1)
The bat misses you. The adder bites you.
You miss the bat. The bat closely misses you. The adder bites you.
You are poisoned.
The adder poisons you! The bat misses you.
You feel sick. The bat completely misses you. The bat completely misses you.
You feel sick. The bat misses you. The adder bites you.
You feel sick. The bat barely misses you.
Found 9 gold pieces.
The bat barely misses you.
You feel sick. The bat misses you. The bat hits you. The bat barely misses you.
You feel sick. The bat hits you but does no damage.
There is a stone staircase leading down here.
The bat barely misses you.
You climb downwards.
There is a stone staircase leading up here.
You start resting.
You feel sick. x3
You are no longer poisoned.
You start resting.
HP restored.
Unknown command.
An adder comes into view.
An adder is nearby!
The adder hisses angrily.
Found an escape hatch in the floor.
Throw: 7 darts (poison)
Press: ? - help, Q - select action, (/) - cycle Shift-Dir - straight line, f - adder
Aim: an adder (42% to hit)
You throw a poisoned dart. The poisoned dart misses the adder.
Throw: 6 darts (poison)
Press: ? - help, Q - select action, (/) - cycle Shift-Dir - straight line, f/p - adder
Aim: an adder (42% to hit)
You throw a poisoned dart. The poisoned dart misses the adder.
Throw: 5 darts (poison)
Press: ? - help, Q - select action, (/) - cycle Shift-Dir - straight line, f/p - adder
Aim: an adder (42% to hit)
You throw a poisoned dart. The poisoned dart hits the adder.
The adder is poisoned.
The adder bites you.
You are poisoned.
The adder poisons you!
Throw: 4 darts (poison)
Press: ? - help, Q - select action, (/) - cycle Shift-Dir - straight line, f/p - adder
Aim: an adder (poisoned, 42% to hit)
You throw a poisoned dart.
The poisoned dart barely misses the adder.
You feel sick. The adder barely misses you. The adder misses you.
Throw: 3 darts (poison)
Press: ? - help, Q - select action, (/) - cycle Shift-Dir - straight line, f/p - adder
Aim: an adder (poisoned, 42% to hit)
You throw a poisoned dart. The poisoned dart misses the adder.
The adder barely misses you.
Throw: 2 darts (poison)
Press: ? - help, Q - select action, (/) - cycle Shift-Dir - straight line, f/p - adder
Aim: an adder (poisoned, 42% to hit)
You throw a poisoned dart.
The poisoned dart completely misses the adder.
You feel sick. The adder misses you.
Throw: dart (poison)
Press: ? - help, Q - select action, (/) - cycle Shift-Dir - straight line, f/p - adder
Aim: an adder (lightly wounded, poisoned, 42% to hit)
You throw a poisoned dart.
The poisoned dart barely misses the adder.
The adder closely misses you. The adder completely misses you.
You barely miss the adder.
The adder is moderately wounded.
The adder completely misses you.
You hit the adder.
The adder is heavily wounded.
You feel sick. The adder closely misses you.
You barely miss the adder.
The adder is heavily wounded.
The adder looks more healthy.
The adder misses you.
You miss the adder.
The adder is heavily wounded.
The adder completely misses you.
You hit the adder but do no damage.
The adder is heavily wounded.
You feel sick. The adder closely misses you.
You miss the adder.
The adder is heavily wounded.
The adder bites you but does no damage. The adder closely misses you.
You barely miss the adder.
The adder is heavily wounded.
The adder barely misses you.
You hit the adder but do no damage.
The adder is heavily wounded.
The adder closely misses you.
You hit the adder.
The adder is almost dead.
The adder barely misses you.
You hit the adder but do no damage.
The adder is almost dead.
You feel sick. The adder bites you.
You closely miss the adder.
The adder is almost dead.
The adder closely misses you. x2
You closely miss the adder.
The adder is almost dead.
The adder bites you.
You are more poisoned.
The adder poisons you!
You hit the adder.
The adder is almost dead.
You feel sick. The adder bites you but does no damage.
You hit the adder.
You kill the adder!
You feel sick.
j - a poisoned dart You see here an adder corpse.
You feel sick.
You start resting.
You feel sick. x7
You are no longer poisoned.
You start resting.
An ooze comes into view.
There is a stone staircase leading up here.
You start resting.
HP restored.
You see here a +0 club.
You catch the helpless ooze completely off-guard!
You puncture the ooze!
You kill the ooze!
Your Stealth skill increases to level 9!
j - 7 poisoned darts (gained 6)
There is an escape hatch in the floor here.
Found 20 sling bullets.
You see here 20 sling bullets.
A bat comes into view.
A bat is nearby!
A bat is nearby!
An orc comes into view. It is wielding a +0 flail.
The orc moves out of view.
Grinder comes into view.
She is carrying a wand of polymorph (5).
A bat comes into view.
Grinder shouts!
Found a stone staircase leading up.
Grinder zaps a wand.
You easily resist.
The bat misses you. The bat hits you but does no damage.
The bat hits you but does no damage.
A rat comes into view.
A rat is nearby!
A rat is nearby!
The rat barely misses you.
You hit the rat.
You kill the rat!
You see here a rat corpse.
Natasha, Servant of Life and Death comes into view.
She is carrying a wand of flame (17).
Natasha is nearby!
Natasha is nearby!
A giant cockroach comes into view.
The helpless giant cockroach fails to defend itself.
You stick the giant cockroach like a pincushion!!!
You kill the giant cockroach!
Natasha hisses angrily.
A frilled lizard comes into view.
Natasha stares at you and mumbles some strange words.
You feel yourself slow down.
Natasha mumbles some strange words.
You feel yourself speed up.
Throw: 7 darts (poison)
Press: ? - help, Q - select action, (/) - cycle Shift-Dir - straight line, f - Natasha
Aim: Natasha, carrying a wand of flame (17) (wandering, hasn't noticed you, 53% to hit)
You throw a poisoned dart. The poisoned dart hits Natasha.
Throw: 6 darts (poison)
Press: ? - help, Q - select action, (/) - cycle Shift-Dir - straight line, f/p - Natasha
Aim: Natasha, carrying a wand of flame (17) (53% to hit)
You throw a poisoned dart. The poisoned dart hits Natasha.
Throw: 5 darts (poison)
Press: ? - help, Q - select action, (/) - cycle Shift-Dir - straight line, f/p - Natasha
Aim: Natasha, carrying a wand of flame (17) (53% to hit)
You throw a poisoned dart. The poisoned dart hits Natasha.
Natasha is poisoned.
Natasha claws you but does no damage.
Throw: 4 darts (poison)
Press: ? - help, Q - select action, (/) - cycle Shift-Dir - straight line, f/p - Natasha
Aim: Natasha, carrying a wand of flame (17) (poisoned, 53% to hit)
You throw a poisoned dart. The poisoned dart hits Natasha.
Natasha looks even sicker.
Natasha casts a spell.
Throw: 3 darts (poison)
Press: ? - help, Q - select action, (/) - cycle Shift-Dir - straight line, f/p - Natasha
Aim: Natasha, carrying a wand of flame (17) (very poisoned, 53% to hit)
You throw a poisoned dart. The poisoned dart hits Natasha.
Natasha mumbles some strange words.
You hit Natasha.
Natasha is lightly wounded.
Natasha mumbles some strange words.
Natasha's front paws start to glow.
Natasha closely misses you.
You hit Natasha but do no damage.
Natasha is lightly wounded.
Natasha misses you.
You hit Natasha but do no damage.
Natasha is moderately wounded.
Natasha barely misses you.
You hit Natasha but do no damage.
Natasha is moderately wounded.
The crimson imp blinks!
You closely miss Natasha.
Natasha is heavily wounded.
Natasha closely misses you.
You hit Natasha.
Natasha is heavily wounded.
Natasha stares at you and mumbles some strange words.
The magic dart hits you.
Throw: 2 darts (poison)
Press: ? - help, Q - select action, (/) - cycle Shift-Dir - straight line, f/p - Natasha
Aim: Natasha, carrying a wand of flame (17) (heavily wounded, poisoned, 53% to hit)
You throw a poisoned dart. The poisoned dart hits Natasha.
Natasha looks even sicker.
Natasha is heavily wounded.
Natasha claws you.
You hit Natasha.
Natasha is heavily wounded.
Natasha closely misses you.
You hit Natasha.
Natasha is almost dead.
Natasha claws you.
The crimson imp blinks!
You barely miss Natasha.
Natasha is almost dead.
Natasha misses you.
You hit Natasha but do no damage.
Natasha is almost dead.
Natasha casts a spell at you. The magic dart hits you.
* * * LOW HITPOINT WARNING * * *
You closely miss Natasha.
Natasha is severely wounded.
The crimson imp shouts, "Remove thy stench, thou qualling elf-skinned bladder!"
Natasha claws you!
You die...

#.....# #.###.# #.#
#.#
##########.###.#####
#..................#
#.............####.#
..รท.....<......#
#.#
..............(###.#
....####.###.#5h@..#
....)....###.#.#####
.............# #
........######
........# ...h....##
>........#
.......#.#
.......#.#


You could see Natasha (very poisoned) and a white imp (summoned).

Vanquished Creatures
  A scorpion (D:4)
  A worker ant (D:4)
  A hound zombie (D:5)
  2 adders
  2 worms
  An orc (D:4)
  A giant cockroach (D:3)
  A goblin (D:3)
  2 oozes
  2 quokkas
  3 frilled lizards
  A rat (D:3)
18 creatures vanquished.

Vanquished Creatures (others)
  14 plants (D:4)
14 creatures vanquished.

Grand Total: 32 creatures vanquished

Notes
Turn   | Place    | Note
-------+----------+-------------------------------------------
     0 | D:5      | sleeves the Spriggan Delver began the quest for the Orb.
     0 | D:5      | Reached XP level 1. HP: 11/11 MP: 2/2
    72 | D:4      | Identified the +4 arbalest of Modesty {flame, Int+4 Dex+5}
    86 | D:4      | Reached XP level 2. HP: 16/16 MP: 3/3
   225 | D:5      | Reached skill level 3 in Short Blades
   225 | D:5      | Reached skill level 8 in Stealth
   225 | D:5      | Reached XP level 3. HP: 19/19 MP: 4/4
   241 | D:5      | Noticed an ogre
   524 | D:4      | Noticed a scorpion
   567 | D:4      | Killed a scorpion
   568 | D:4      | Reached skill level 4 in Short Blades
   568 | D:4      | Reached XP level 4. HP: 23/23 MP: 5/5
   835 | D:2      | HP: 11/23 [poisoned by an adder]
   841 | D:2      | HP: 9/23 [poisoned by an adder]
   848 | D:2      | HP: 8/23 [poisoned by an adder]
   853 | D:2      | HP: 7/23 [poisoned by an adder]
   860 | D:2      | HP: 6/23 [poisoned by an adder]
   866 | D:2      | HP: 5/23 [poisoned by an adder]
   873 | D:2      | HP: 5/23 [poisoned by an adder]
   886 | D:2      | HP: 4/23 [bat (1)]
  1210 | D:2      | HP: 11/23 [poisoned by an adder]
  1218 | D:3      | HP: 10/23 [poisoned by an adder]
  1451 | D:3      | HP: 11/23 [poisoned by an adder]
  1456 | D:3      | HP: 9/23 [poisoned by an adder]
  1464 | D:3      | HP: 7/23 [poisoned by an adder]
  1472 | D:3      | HP: 5/23 [poisoned by an adder]
  1755 | D:3      | Reached skill level 9 in Stealth
  1801 | D:3      | Noticed Grinder
  1864 | D:3      | Noticed Natasha
  1941 | D:3      | HP: 9/23 [Natasha/magic dart (4)]
  1942 | D:3      | Slain by Natasha

Illustrated notes

Levels and vault maps discovered:
D:2:      layout_rooms
D:3:      layout_basic, minmay_stone_trees_medium, uniq_crazy_yiuf_cottage,
          uniq_natasha, uniq_grinder
D:4:      layout_basic, vehumet_crystals, overflow_temple_1_default,
          serial_shops, nicolae_shop_stone, serial_bayou_lagoon_a
D:5:      layout_loops_cross, lightli_temple_of_fire, minmay_temple_entry_trees,
          chequers_avenue

Skill      XL: |  1  2  3  4 |
---------------+-------------+-----
Short Blades   | 3 4 |  4.1
Stealth        | 8 9 |  9.0
Fighting       | |  2.4
Dodging        | |  2.8

Action                   |  1- 3 |  4- 6 || total
-------------------------+-------+-------++-------
Melee: Short sword       |    23 |    46 ||    69
Throw: Dart              |    18 |    20 ||    38
 Stab: Sleeping          |     6 |     1 ||     7
       Distracted        |       |     2 ||     2
Armor: Robe              |       |    16 ||    16
Dodge: Dodged            |    11 |    79 ||    90

Table legend: (Time is in decaauts)
 A = Elapsed time spent in this place.
 B = Non-inter-level travel time spent in this place.
 C = Inter-level travel time spent in this place.
 D = Time resting spent in this place.
 E = Time spent auto-exploring this place.
 F = Levels seen in this place.
 G = Mean time per level.
                   A        B        C        D        E       F      G
               +--------+--------+--------+--------+--------+-----+--------+
         Total |   1540 |   1476 |     64 |    728 |    114 |   4 |  385.0 |
       Dungeon |   1540 |   1476 |     64 |    728 |    114 |   4 |  385.0 |
               +--------+--------+--------+--------+--------+-----+--------+

Top non-repeatable levels by time:
     D:3: 936 daAuts
     D:4: 363 daAuts
     D:2: 149 daAuts
     D:5: 91 daAuts
